 Dungeon Crawl Stone Soup version 0.28-a0-503-g83f2989fac (webtiles) character file.

Game seed: 1036597876584652329

7 geoffreylhart the Magician (level 2, -1/17 HPs)
             Began as an Octopode Hedge Wizard on Sept 20, 2021.
             Slain by a jackal (3 damage)
             ... on level 1 of the Dungeon.
             The game lasted 00:02:41 (299 turns).

geoffreylhart the Magician (Octopode Hedge Wizard)   Turns: 299, Time: 00:02:41

Health: -1/17      AC:  1    Str:  9    XL:     2   Next: 0%
Magic:  6/6        EV: 13    Int: 16    God:
Gold:   12         SH:  0    Dex: 11    Spells: 6/7 levels left

rFire   . . .      SeeInvis .   a - +0 dagger
rCold   . . .      Faith    .   (no shield)
rNeg    . . .      Spirit   .   b - +0 hat
rPois   .          Reflect  .   (no amulet)
rElec   .          Harm     .   (no ring)
rCorr   .          Rampage  .   (no ring)
Will    .....                   (no ring)
Stlth   +++.......              (no ring)
HPRegen 0.05/turn               (no ring)
MPRegen 0.10/turn               (no ring)
                                (no ring)
                                (no ring)

@: no status effects
A: almost no armour, amphibious, 8 rings, camouflage 1, gelatinous body 1,
(nimble swimmer 1), tentacles
a: no special abilities


You were on level 1 of the Dungeon.
You visited 1 branch of the dungeon, and saw 1 of its levels.

You collected 12 gold pieces.

Inventory:

Hand Weapons
 a - a +0 dagger (weapon)
Armour
 b - a +0 hat (worn)
Scrolls
 c - a scroll of vulnerability {unknown}


   Skills:
 * Level 0.4 Short Blades
 - Level 2.0 Dodging
 * Level 3.0 Stealth
 + Level 3.0 Spellcasting
 + Level 1.1 Conjurations
 + Level 1.1 Summonings
 + Level 1.1 Translocations


You had 6 spell levels left.
You knew the following spells:

 Your Spells              Type           Power      Damage    Failure   Level
a - Magic Dart            Conj           24%        1d4       12%         1

Your spell library contained the following spells:

 Spells                   Type           Power      Damage    Failure   Level
 Blink                    Tloc           N/A        N/A       19%         2
 Call Imp                 Summ           6%         N/A       19%         2
 Slow                     Hex            2%         N/A       28%         2
 Conjure Flame            Conj/Fire      4%         6-21      41%         3
 Mephitic Cloud           Conj/Pois/Air  3%         N/A       43%         3
 Confusing Touch          Hex            2%         N/A       50%         3
 Vampiric Draining        Necr           1%         2d6       50%         3


Dungeon Overview and Level Annotations

Branches:
Dungeon (1/15)

Altars:


Innate Abilities, Weirdness & Mutations

You cannot wear most types of armour.
You are amphibious.
You can wear up to eight rings at the same time.
Your skin changes colour to match your surroundings (Stealth+).
Your rubbery body absorbs attacks. (AC +1, EV +1)
((You are camouflaged near water. (Stealth+)))
You have tentacles for arms and can constrict up to eight enemies at once.


Message History

The jackal bites you.
The jackal stops to sniff the ground.
The jackal bites you.
You barely miss the jackal. Your grab misses the jackal.
You squeeze the jackal.
The jackal is lightly wounded.
The jackal misses you.
You barely miss the jackal. You grab the jackal. You squeeze the jackal.
You kill the jackal!
Your Stealth skill increases to level 3!
You have reached level 2!
You closely miss the jackal. Your grab misses the jackal.
The jackal is moderately wounded.
The jackal barely misses you. The jackal closely misses you.
You hit the jackal but do no damage. Your grab misses the jackal.
The jackal is moderately wounded.
The jackal bites you but does no damage.
You hit the jackal but do no damage. Your grab misses the jackal.
The jackal is moderately wounded.
The jackal barely misses you.
You hit the jackal but do no damage. You grab the jackal.
The jackal is moderately wounded.
You constrict the jackal. The jackal bites you. The jackal misses you.
You hit the jackal but do no damage.
The jackal is heavily wounded.
You constrict the jackal, but do no damage.
The jackal misses you.
You release your grip on the jackal.
The jackal bites you.
* * * LOW HITPOINT WARNING * * *
You open the door.
A bat and a goblin come into view.
The jackal closely misses you.
The frilled lizard hisses.
The jackal bites you.
* * * LOW HITPOINT WARNING * * *
The goblin shouts!
The bat hits you.
* * * LOW HITPOINT WARNING * * *
The jackal bites you.
You die...

P.♣...†########.
.PP.P..........# #
...P####.#..##.#+#.#
#..............#.....##
#..######†#..........
#.. ###.#.#.#.....# ..
#l..#.........♣♣♣
#..#.##h#.............♣
#.....@......##.....P.P
#..####'####........♣♣
.b.. #.##.#.#..♣
......#....#.#..#
..###..#..#.#.#..# #..
..#..#.#.#..# #..
.g#..#.#.#..# #.
.#..#.#.#..#
#..#.#.#..#


You could see a jackal, a goblin, a bat and a frilled lizard.

Vanquished Creatures
  A bat (D:1)
  An endoplasm (D:1)
  A jackal (D:1)
  A ball python (D:1)
  2 frilled lizards (D:1)
  A rat (D:1)
7 creatures vanquished.

Vanquished Creatures (others)
  A plant (D:1)
1 creature vanquished.

Grand Total: 8 creatures vanquished

Notes
Turn   | Place    | Note
-------+----------+-------------------------------------------
     0 | D:1      | geoffreylhart the Octopode Hedge Wizard began the quest for
                  | the Orb.
     0 | D:1      | Reached XP level 1. HP: 11/11 MP: 4/4
   290 | D:1      | Reached XP level 2. HP: 8/17 MP: 6/6
   299 | D:1      | Slain by a jackal

Illustrated notes

Levels and vault maps discovered:
D:1:      shiori_arrival_maze, layout_basic, serial_forest,
          infiniplex_forest_clump_diagonal, infiniplex_forest_end_1,
          infiniplex_forest_clump_curved, infiniplex_forest_lined_1,
          infiniplex_forest_corner_2, infiniplex_forest_end_2,
          infiniplex_forest_join, infiniplex_forest_zigzag_1,
          hellmonk_ecumenical_altar_inner_sanctum

Skill      XL: |  1 |
---------------+----+-----
Stealth        | 3 |  3.0
Short Blades   | |  0.4
Dodging        | |  2.0
Spellcasting   | |  3.0
Conjurations   | |  1.1
Summonings     | |  1.1
Translocations | |  1.1

Action                   || total
-------------------------++-------
Melee: Dagger            ||    21
       Constrict         ||     4
       Tentacles         ||     3
 Stab: Sleeping          ||     3
Armor: Skin              ||     2
Dodge: Dodged            ||    17

Table legend: (Time is in decaauts)
 A = Elapsed time spent in this place.
 B = Non-inter-level travel time spent in this place.
 C = Inter-level travel time spent in this place.
 D = Time resting spent in this place.
 E = Time spent auto-exploring this place.
 F = Levels seen in this place.
 G = Mean time per level.
                   A        B        C        D        E       F      G
               +--------+--------+--------+--------+--------+-----+--------+
         Total |    298 |    298 |      0 |      0 |    235 |   1 |  298.0 |
       Dungeon |    298 |    298 |      0 |      0 |    235 |   1 |  298.0 |
               +--------+--------+--------+--------+--------+-----+--------+

Top non-repeatable levels by time:
     D:1: 298 daAuts
